Thunder vs Senators

Created - November 17, 2018 at 19:17

Goals
1 2 3 T
Thunder 0 4 1 5
Senators 1 2 1 4
Shots
1 2 3 T
Thunder 7 10 6 23
Senators 12 6 10 28

1st period

1. Senators , Zemgus Girgensons 1 (Ian Cole 8, Johannes Salmonsson 3) at 4:58

Penalties :
No Penalty

2nd period

2. Thunder , Scott Parse 9 (Daultan Leveillé 14, Joey Ryan 9) at 0:12
3. Thunder , Ryan Nugent-Hopkins 5 (Dany Roussin 5) at 3:52
4. Senators , Olli Maatta 2 (Stephane Da Costa 19, Gabriel Bourque 16) at 11:08
5. Senators , Gabriel Bourque 12 (Sebastian Wannstrom 2, Johannes Salmonsson 4) at 16:15
6. Thunder , Ryan Nugent-Hopkins 6 (Mikko Vainonen 1) at 17:32
7. Thunder , Jared Staal 2 (Zach Redmond 6, Joey Ryan 10) at 18:02 (PP)

Penalties :
Dany Roussin (TRO) for High sticking (Minor) at 4:23, Dylan Blujus (BIN) for Hooking (Minor) at 7:41, Stephane Da Costa (BIN) for Slashing (Minor) at 17:49, Sebastian Wannstrom (BIN) for Hooking (Minor) at 19:05

3rd period

8. Thunder , Zach Redmond 2 (Daultan Leveillé 15, Scott Parse 21) at 8:49
9. Senators , Sebastian Wannstrom 1 (Tommy Wingels 12, Ian Cole 9) at 17:55

Penalties :
Scott Parse (TRO) for Holding (Minor) at 5:51, Zach Redmond (TRO) for Holding (Minor) at 9:26, Jamie McGinn (TRO) for Roughing (Minor) at 14:09

Goalie Stats

Devan Dubnyk (TRO), 24 saves from 28 shots - (0.857), W, 7-5-0, 60:00 minutes
Ben Bishop (BIN), 16 saves from 21 shots - (0.762), L, 3-3-0, 48:49 minutes
Brad Thiessen (BIN), 2 saves from 2 shots - (1.000), 10:12 minutes

Players Stats for Thunder

Player Name              G  A  P  +/- PIM S  H  SB GA TA FO     MP     PP MP  PK MP  
------------------------------------------------------------------------------------
Adam Clendening          0  0  0   0  0   0  1  0  0  0  0/0    18:20   1:46   2:38 
Austin Wuthrich          0  0  0  -1  0   0  3  1  0  0  0/0    12:28   0:00   0:00 
Dany Roussin             0  1  1   1  2   1  3  1  0  0  0/0    17:57   1:49   2:19 
Daultan Leveillé         0  2  2   2  0   4  0  0  1  1  11/25  21:50   2:21   4:14 
David Wolf               0  0  0  -1  0   3  2  0  1  0  0/0    13:47   0:00   0:48 
Duncan Siemens           0  0  0   1  0   0  1  1  0  0  0/0    13:23   0:00   0:00 
Eric Karlsson            0  0  0  -1  0   0  1  0  0  0  0/0     2:28   0:16   0:00 
Gianluca Curcuruto       0  0  0  -1  0   0  1  0  0  0  0/0     4:11   0:00   0:39 
Jamie McGinn             0  0  0  -1  2   0  1  0  0  0  0/0     5:42   0:00   0:00 
Jared Staal              1  0  1   2  0   1  1  0  0  2  0/1    17:34   2:21   0:00 
Joe Labate               0  0  0  -1  0   0  1  0  0  0  3/3     5:41   0:00   0:00 
Joey Ryan                0  2  2  -1  0   0  0  0  0  3  0/0    26:59   2:25   4:50 
Mikko Vainonen           0  1  1   1  0   0  1  0  0  0  0/0    14:41   0:00   0:50 
Nikolay Prokhorkin       0  0  0  -1  0   0  0  0  0  0  0/0     0:32   0:01   0:00 
Peter Andersson          0  0  0   0  0   1  0  2  0  0  0/0    18:53   1:46   3:06 
Ryan Nugent-Hopkins      2  0  2   1  0   5  0  1  0  0  7/10   18:44   1:44   2:55 
Scott Parse              1  1  2   1  2   3  3  0  0  0  0/3    24:39   2:12   2:48 
Thomas Spelling          0  0  0   1  0   2  3  1  0  0  0/0    15:12   1:49   0:00 
Trevor Lewis             0  0  0  -1  0   2  2  1  0  0  0/5    12:28   0:00   0:00 
Zach Redmond             1  1  2   0  2   1  2  4  0  0  0/0    23:35   2:25   3:49 
Zach Stepan              0  0  0  -1  0   0  0  0  0  0  0/2     2:56   0:00   2:48 

Players Stats for Senators

Player Name              G  A  P  +/- PIM S  H  SB GA TA FO     MP     PP MP  PK MP  
------------------------------------------------------------------------------------
Andy Andreoff            0  0  0  -1  0   1  4  0  0  0  0/1     8:44   0:00   0:32 
Arturs Kulda             0  0  0  -3  0   0  0  2  1  0  0/0    24:44   5:07   2:15 
Blake Coleman            0  0  0   0  0   0  0  0  0  0  0/1     0:49   0:00   0:45 
Brett Bulmer             0  0  0   0  0   0  0  0  0  0  0/0     0:00   0:00   0:00 
Chandler Stephenson      0  0  0  -1  0   0  0  0  0  0  0/0     8:08   0:00   0:00 
Dylan Blujus             0  0  0  -1  2   0  0  1  0  0  0/0    11:58   0:00   0:00 
Gabriel Bourque          1  1  2   0  0   7  3  1  1  0  3/4    22:18   4:22   2:37 
Grant Besse              0  0  0  -1  0   1  0  0  0  0  0/0     8:08   0:00   0:00 
Ian Cole                 0  2  2  -1  0   1  1  1  1  0  0/0    28:47   5:07   2:15 
Johannes Salmonsson      0  2  2   1  0   3  1  1  0  0  0/0    12:45   0:00   1:02 
Keegan Lowe              0  0  0   0  0   0  0  0  0  0  0/0    11:44   0:00   0:00 
Mason Geertsen           0  0  0   1  0   0  0  0  0  0  0/0     4:14   0:00   0:00 
Matt Frattin             0  0  0   0  0   1  3  1  1  0  1/2    19:39   4:22   0:00 
Nick Foligno             0  0  0   0  0   1  5  0  0  0  0/0    17:15   3:34   1:02 
Olli Maatta              1  0  1   2  0   1  1  0  0  0  0/0    19:38   2:49   1:56 
Phil Di Giuseppe         0  0  0   0  0   0  0  0  0  0  0/0     0:00   0:00   0:00 
Samuel Morin             0  0  0   2  0   1  0  0  0  1  0/0    18:56   2:49   1:56 
Sebastian Wannstrom      1  1  2   1  2   3  0  0  1  0  0/0    11:46   0:00   0:00 
Stephane Da Costa        0  1  1   0  2   2  0  2  1  0  18/29  22:04   4:22   2:24 
Tomas Jurco              0  0  0   0  0   1  3  0  0  1  0/1    16:13   3:34   0:00 
Tommy Wingels            0  1  1   0  0   2  2  1  0  0  4/8    16:13   3:34   0:00 
Zemgus Girgensons        1  0  1   1  0   3  1  0  0  0  2/3    11:43   0:00   0:00 

3 Stars

1 - Ryan Nugent-Hopkins (TRO)
2 - Scott Parse (TRO)
3 - Gabriel Bourque (BIN)

Power Play

Thunder - 1 on 3 Attempt(s) - 33.33%
Senators - 0 on 4 Attempt(s) - 0.00%

Penalty Kill

Thunder - 4 on 4 Attempt(s) - 100.00% - Score 0 goal in Penalty Kill
Senators - 2 on 3 Attempt(s) - 66.67% - Score 0 goal in Penalty Kill

Team Stat

Thunder - Hits : 26 - Faceoff Wins : 21 - Blocked Shots : 12 - Penalty Minutes : 8
Senators - Hits : 24 - Faceoff Wins : 28 - Blocked Shots : 10 - Penalty Minutes : 6

Official

Referees : Unknown
Linesman : Unknown

Game Notes

Mason Geertsen is injured at 4:22 of 3rd period (Sprained Right Finger)
Brad Thiessen enters game at 8:49 of 3rd period

Finance

Level 1 -- Attendance: 1446 (72.30%) -- Ticket Income $47,718
Level 2 -- Attendance: 681 (68.10%) -- Ticket Income $10,215
Total Attendance: 2127 (70.90%)
Total Ticket Income: $57,933
Other Income: $2,897
Total Income: $60,830

Thunder

5 vs 5 Forward 
   Center                   Left Wing                Right Wing               Time % Phy DF OF 
 1 Daultan Leveillé         Scott Parse              Jared Staal              40     1   2  2  
 2 Ryan Nugent-Hopkins      Dany Roussin             Thomas Spelling          30     1   2  2  
 3 Trevor Lewis             David Wolf               Austin Wuthrich          20     1   2  2  
 4 Joe Labate               Jamie McGinn             Scott Parse              10     1   2  2  

5 vs 5 Defense 
   Defense                  Defense                                           Time % Phy DF OF 
 1 Joey Ryan                Zach Redmond                                      40     1   2  2  
 2 Peter Andersson          Adam Clendening                                   30     1   2  2  
 3 Duncan Siemens           Mikko Vainonen                                    20     1   2  2  
 4 Gianluca Curcuruto       Joey Ryan                                         10     1   2  2  

PowerPlay Forward 
   Center                   Left Wing                Right Wing               Time % Phy DF OF 
 1 Daultan Leveillé         Scott Parse              Jared Staal              60     1   2  2  
 2 Ryan Nugent-Hopkins      Dany Roussin             Thomas Spelling          40     1   2  2  

PowerPlay Defense
   Defense                  Defense                                           Time % Phy DF OF 
 1 Joey Ryan                Zach Redmond                                      60     1   2  2  
 2 Peter Andersson          Adam Clendening                                   40     1   2  2  

Penalty Kill 4 Players Forward 
   Center                   Wing                     Time % Phy DF OF 
 1 Scott Parse              Daultan Leveillé         60     1   2  2  
 2 Dany Roussin             Ryan Nugent-Hopkins      40     1   2  2  

Penalty Kill 4 Players Defense
   Defense                  Defense                  Time % Phy DF OF 
 1 Joey Ryan                Zach Redmond             60     1   2  2  
 2 Peter Andersson          Adam Clendening          40     1   2  2  

Penalty Kill - 3 Players Forward 
   Forward                                           Time % Phy DF OF 
 1 Scott Parse                                       60     1   2  2  
 2 Daultan Leveillé                                  40     1   2  2  

Penalty Kill - 3 Players Defense
   Defense                  Defense                  Time % Phy DF OF 
 1 Joey Ryan                Zach Redmond             60     1   2  2  
 2 Peter Andersson          Adam Clendening          40     1   2  2  

4 vs 4 Forward 
   Center                   Wing                     Time % Phy DF OF 
 1 Scott Parse              Daultan Leveillé         60     1   2  2  
 2 Dany Roussin             Ryan Nugent-Hopkins      40     1   2  2  

4 vs 4 Defense
   Defense                  Defense                  Time % Phy DF OF 
 1 Joey Ryan                Zach Redmond             60     1   2  2  
 2 Peter Andersson          Adam Clendening          40     1   2  2  

Last Minutes Offensive
   Center                   Left Wing                Right Wing               Defense                  Defense                  
   Daultan Leveillé         Scott Parse              Jared Staal              Joey Ryan                Zach Redmond             

Last Minutes Defensive
   Center                   Left Wing                Right Wing               Defense                  Defense                  
   Daultan Leveillé         Scott Parse              Jared Staal              Joey Ryan                Zach Redmond             

Goaltenders
Starting : Devan Dubnyk             
Backup : Niklas Treutle           

Extra Forwards
Normal : Eric Karlsson, Nikolay Prokhorkin, Zach Stepan - PP : Eric Karlsson, Nikolay Prokhorkin - PK : Zach Stepan
Extra Defensemen
Normal : Duncan Siemens, Mikko Vainonen, Gianluca Curcuruto - PP : Duncan Siemens - PK : Mikko Vainonen, Gianluca Curcuruto
Penalty Shots
Scott Parse, Daultan Leveillé, Dany Roussin, Ryan Nugent-Hopkins, Trevor Lewis

Scratches
None

Senators

5 vs 5 Forward 
   Center                   Left Wing                Right Wing               Time % Phy DF OF 
 1 Stephane Da Costa        Gabriel Bourque          Matt Frattin             40     1   2  2  
 2 Tommy Wingels            Nick Foligno             Tomas Jurco              30     1   2  2  
 3 Zemgus Girgensons        Johannes Salmonsson      Sebastian Wannstrom      20     1   2  2  
 4 Chandler Stephenson      Andy Andreoff            Grant Besse              10     1   2  2  

5 vs 5 Defense 
   Defense                  Defense                                           Time % Phy DF OF 
 1 Ian Cole                 Arturs Kulda                                      40     1   2  2  
 2 Olli Maatta              Samuel Morin                                      30     1   2  2  
 3 Dylan Blujus             Keegan Lowe                                       20     1   2  2  
 4 Mason Geertsen           Ian Cole                                          10     1   2  2  

PowerPlay Forward 
   Center                   Left Wing                Right Wing               Time % Phy DF OF 
 1 Stephane Da Costa        Gabriel Bourque          Matt Frattin             60     1   2  2  
 2 Tommy Wingels            Nick Foligno             Tomas Jurco              40     1   2  2  

PowerPlay Defense
   Defense                  Defense                                           Time % Phy DF OF 
 1 Ian Cole                 Arturs Kulda                                      60     1   2  2  
 2 Olli Maatta              Samuel Morin                                      40     1   2  2  

Penalty Kill 4 Players Forward 
   Center                   Wing                     Time % Phy DF OF 
 1 Gabriel Bourque          Stephane Da Costa        60     1   2  2  
 2 Nick Foligno             Johannes Salmonsson      40     1   2  2  

Penalty Kill 4 Players Defense
   Defense                  Defense                  Time % Phy DF OF 
 1 Ian Cole                 Arturs Kulda             60     1   2  2  
 2 Olli Maatta              Samuel Morin             40     1   2  2  

Penalty Kill - 3 Players Forward 
   Forward                                           Time % Phy DF OF 
 1 Gabriel Bourque                                   60     1   2  2  
 2 Stephane Da Costa                                 40     1   2  2  

Penalty Kill - 3 Players Defense
   Defense                  Defense                  Time % Phy DF OF 
 1 Ian Cole                 Arturs Kulda             60     1   2  2  
 2 Olli Maatta              Samuel Morin             40     1   2  2  

4 vs 4 Forward 
   Center                   Wing                     Time % Phy DF OF 
 1 Gabriel Bourque          Stephane Da Costa        60     1   2  2  
 2 Nick Foligno             Johannes Salmonsson      40     1   2  2  

4 vs 4 Defense
   Defense                  Defense                  Time % Phy DF OF 
 1 Ian Cole                 Arturs Kulda             60     1   2  2  
 2 Olli Maatta              Samuel Morin             40     1   2  2  

Last Minutes Offensive
   Center                   Left Wing                Right Wing               Defense                  Defense                  
   Stephane Da Costa        Gabriel Bourque          Matt Frattin             Ian Cole                 Arturs Kulda             

Last Minutes Defensive
   Center                   Left Wing                Right Wing               Defense                  Defense                  
   Stephane Da Costa        Gabriel Bourque          Matt Frattin             Ian Cole                 Arturs Kulda             

Goaltenders
Starting : Ben Bishop               
Backup : Brad Thiessen            

Extra Forwards
Normal : Phil Di Giuseppe, Brett Bulmer, Blake Coleman - PP : Phil Di Giuseppe, Brett Bulmer - PK : Blake Coleman
Extra Defensemen
Normal : Dylan Blujus, Keegan Lowe, Mason Geertsen - PP : Dylan Blujus - PK : Keegan Lowe, Mason Geertsen
Penalty Shots
Gabriel Bourque, Stephane Da Costa, Nick Foligno, Johannes Salmonsson, Tommy Wingels

Scratches
None


% Time on Ice - Thunder

Lines # - Real PCT - Wanted PCT - Time Play
Normal Forward
1 - 32% - 40% - 15:08
2 - 29% - 30% - 13:31
3 - 27% - 20% - 12:28
4 - 12% - 10% - 5:41
Normal Defense
1 - 37% - 40% - 17:22
2 - 30% - 30% - 13:56
3 - 26% - 20% - 12:01
4 - 7% - 10% - 3:29
PP Forward
1 - 56% - 60% - 2:21
2 - 44% - 40% - 1:50
PP Defense
1 - 58% - 60% - 2:25
2 - 42% - 40% - 1:46
PK Forward
1 - 84% - 60% - 6:39
2 - 16% - 40% - 1:17
PK Defense
1 - 67% - 60% - 5:18
2 - 33% - 40% - 2:38
PK3 Forward
1 - 0% - 60%
2 - 0% - 40%
PK3 Defense
1 - 0% - 60%
2 - 0% - 40%
44 Forward
1 - 0% - 60%
2 - 0% - 40%
44 Defense
1 - 0% - 60%
2 - 0% - 40%
Last Minute Offensive  - 0:00
Last Minute Defensive  - 1:05
Total
Forward - 60:00
Defense - 60:00

% Time on Ice - Senators

Lines # - Real PCT - Wanted PCT - Time Play
Normal Forward
1 - 31% - 40% - 14:21
2 - 27% - 30% - 12:39
3 - 25% - 20% - 11:43
4 - 17% - 10% - 8:08
Normal Defense
1 - 36% - 40% - 16:53
2 - 30% - 30% - 14:11
3 - 22% - 20% - 10:25
4 - 11% - 10% - 5:22
PP Forward
1 - 55% - 60% - 4:22
2 - 45% - 40% - 3:34
PP Defense
1 - 64% - 60% - 5:07
2 - 36% - 40% - 2:49
PK Forward
1 - 75% - 60% - 3:09
2 - 25% - 40% - 1:02
PK Defense
1 - 54% - 60% - 2:15
2 - 46% - 40% - 1:56
PK3 Forward
1 - 0% - 60%
2 - 0% - 40%
PK3 Defense
1 - 0% - 60%
2 - 0% - 40%
44 Forward
1 - 0% - 60%
2 - 0% - 40%
44 Defense
1 - 0% - 60%
2 - 0% - 40%
Last Minute Offensive  - 1:02
Last Minute Defensive  - 0:00
Total
Forward - 60:00
Defense - 60:00

Play by Play

1st period


0:01 of 1st period - Stephane Da Costa wins face-off versus Daultan Leveillé in neutral zone.
0:10 of 1st period - Wrist shot by Gabriel Bourque.
0:10 of 1st period - Shot Misses the Net.
1:05 of 1st period - Duncan Siemens is hit by Andy Andreoff and loses puck.
1:12 of 1st period - Andy Andreoff is hit by Joe Labate.
1:48 of 1st period - Snap shot by Tommy Wingels.
1:48 of 1st period - Shot Blocked by Ryan Nugent-Hopkins.
2:08 of 1st period - Snap shot by Daultan Leveillé.
2:08 of 1st period - Stopped by Ben Bishop with a rebound.
2:32 of 1st period - Slapshot by David Wolf.
2:32 of 1st period - Shot Misses the Net.
2:46 of 1st period - Wrist shot by Scott Parse.
2:46 of 1st period - Stopped by Ben Bishop with a rebound.
2:48 of 1st period - Slapshot by Mikko Vainonen.
2:48 of 1st period - Shot Blocked by Dylan Blujus.
2:50 of 1st period - Wrist shot by Scott Parse.
2:50 of 1st period - Shot Misses the Net.
2:52 of 1st period - Wrist shot by Scott Parse.
2:52 of 1st period - Shot Blocked by Gabriel Bourque.
3:25 of 1st period - Snap shot by Sebastian Wannstrom.
3:25 of 1st period - Stopped by Devan Dubnyk without a rebound.
3:26 of 1st period - Zemgus Girgensons wins face-off versus Ryan Nugent-Hopkins in Thunder zone.
3:31 of 1st period - Wrist shot by Johannes Salmonsson.
3:31 of 1st period - Stopped by Devan Dubnyk with a rebound.
3:39 of 1st period - Slapshot by Johannes Salmonsson.
3:39 of 1st period - Deflect By Zemgus Girgensons.
3:39 of 1st period - Stopped by Devan Dubnyk without a rebound.
3:40 of 1st period - Daultan Leveillé wins face-off versus Stephane Da Costa in Thunder zone.
3:40 of 1st period - Daultan Leveillé is hit by Ian Cole.
4:56 of 1st period - Snap shot by Johannes Salmonsson.
4:56 of 1st period - Shot Misses the Net.
4:58 of 1st period - Slapshot by Ian Cole.
4:58 of 1st period - Deflect By Zemgus Girgensons.
4:58 of 1st period - Goal by Zemgus Girgensons - Thunder : 0 - Senators : 1.
4:59 of 1st period - Stephane Da Costa wins face-off versus Daultan Leveillé in neutral zone.
5:24 of 1st period - Joey Ryan is hit by Nick Foligno and loses puck.
5:31 of 1st period - Dany Roussin is hit by Tomas Jurco and loses puck.
5:46 of 1st period - Snap shot by Trevor Lewis.
5:46 of 1st period - Stopped by Ben Bishop with a rebound.
6:42 of 1st period - Tomas Jurco is hit by Scott Parse and loses puck.
7:28 of 1st period - Wrist shot by Dany Roussin.
7:28 of 1st period - Stopped by Ben Bishop with a rebound.
7:44 of 1st period - Adam Clendening is hit by Andy Andreoff.
8:06 of 1st period - Dany Roussin is hit by Nick Foligno and loses puck.
10:10 of 1st period - Wrist shot by Johannes Salmonsson.
10:10 of 1st period - Shot Misses the Net.
10:20 of 1st period - Wrist shot by David Wolf.
10:20 of 1st period - Stopped by Ben Bishop with a rebound.
10:28 of 1st period - Snap shot by Johannes Salmonsson.
10:28 of 1st period - Stopped by Devan Dubnyk with a rebound.
10:30 of 1st period - Snap shot by Zemgus Girgensons.
10:30 of 1st period - Shot Misses the Net.
10:32 of 1st period - Slapshot by Ian Cole.
10:32 of 1st period - Shot Blocked by Zach Redmond.
10:34 of 1st period - Wrist shot by Johannes Salmonsson.
10:34 of 1st period - Stopped by Devan Dubnyk with a rebound.
10:48 of 1st period - Wrist shot by Trevor Lewis.
10:48 of 1st period - Stopped by Ben Bishop with a rebound.
11:24 of 1st period - Snap shot by Trevor Lewis.
11:24 of 1st period - Shot Misses the Net.
11:26 of 1st period - Slapshot by Zach Redmond.
11:26 of 1st period - Deflect By Trevor Lewis.
11:26 of 1st period - Shot Misses the Net.
11:26 of 1st period - Puck is out of play.
11:27 of 1st period - Daultan Leveillé wins face-off versus Stephane Da Costa in Senators zone.
11:30 of 1st period - Slapshot by Daultan Leveillé.
11:30 of 1st period - Shot Misses the Net.
13:03 of 1st period - Tomas Jurco is hit by Eric Karlsson and loses puck.
14:08 of 1st period - Arturs Kulda is hit by Scott Parse and loses puck.
15:04 of 1st period - Icing by Olli Maatta.
15:05 of 1st period - Ryan Nugent-Hopkins wins face-off versus Tommy Wingels in Senators zone.
15:56 of 1st period - Tommy Wingels is hit by Dany Roussin and loses puck.
16:11 of 1st period - Slapshot by Andy Andreoff.
16:11 of 1st period - Stopped by Devan Dubnyk with a rebound.
16:15 of 1st period - Snap shot by Grant Besse.
16:15 of 1st period - Stopped by Devan Dubnyk with a rebound.
16:17 of 1st period - Snap shot by Keegan Lowe.
16:17 of 1st period - Shot Blocked by Zach Redmond.
16:31 of 1st period - Snap shot by Gabriel Bourque.
16:31 of 1st period - Stopped by Devan Dubnyk with a rebound.
16:33 of 1st period - Snap shot by Arturs Kulda.
16:33 of 1st period - Deflect By Gabriel Bourque.
16:33 of 1st period - Shot Misses the Net.
16:33 of 1st period - Puck is out of play.
16:34 of 1st period - Stephane Da Costa wins face-off versus Trevor Lewis in Thunder zone.
16:41 of 1st period - Snap shot by Matt Frattin.
16:41 of 1st period - Shot Blocked by Duncan Siemens.
16:59 of 1st period - Ryan Nugent-Hopkins is hit by Tomas Jurco and loses puck.
17:38 of 1st period - Wrist shot by Trevor Lewis.
17:38 of 1st period - Shot Misses the Net.
17:42 of 1st period - Wrist shot by David Wolf.
17:42 of 1st period - Shot Blocked by Stephane Da Costa.
18:08 of 1st period - Samuel Morin is hit by Jamie McGinn and loses puck.
18:19 of 1st period - Wrist shot by Nick Foligno.
18:19 of 1st period - Shot Hit the Post.
18:21 of 1st period - Snap shot by Tomas Jurco.
18:21 of 1st period - Stopped by Devan Dubnyk without a rebound.
18:22 of 1st period - Stephane Da Costa wins face-off versus Trevor Lewis in Thunder zone.
18:23 of 1st period - Wrist shot by Gabriel Bourque.
18:23 of 1st period - Shot Misses the Net.
18:25 of 1st period - Snap shot by Gabriel Bourque.
18:25 of 1st period - Shot Misses the Net.
18:27 of 1st period - Wrist shot by Stephane Da Costa.
18:27 of 1st period - Shot Blocked by Trevor Lewis.
18:50 of 1st period - Slapshot by Ian Cole.
18:50 of 1st period - Stopped by Devan Dubnyk with a rebound.
19:08 of 1st period - Slapshot by Thomas Spelling.
19:08 of 1st period - Stopped by Ben Bishop with a rebound.
19:24 of 1st period - Ian Cole is hit by David Wolf and loses puck.
19:43 of 1st period - Snap shot by Gabriel Bourque.
19:43 of 1st period - Stopped by Devan Dubnyk without a rebound.
19:44 of 1st period - Stephane Da Costa wins face-off versus Daultan Leveillé in Thunder zone.
19:50 of 1st period - Icing by Joey Ryan.
19:51 of 1st period - Daultan Leveillé wins face-off versus Stephane Da Costa in Thunder zone.
Goals for this period are 0 for Thunder vs 1 for Senators.
Shots for this period are 7 for Thunder vs 12 for Senators.

2nd period


0:01 of 2nd period - Daultan Leveillé wins face-off versus Stephane Da Costa in neutral zone.
0:12 of 2nd period - Wrist shot by Scott Parse.
0:12 of 2nd period - Goal by Scott Parse - Thunder : 1 - Senators : 1.
0:13 of 2nd period - Daultan Leveillé wins face-off versus Stephane Da Costa in neutral zone.
0:28 of 2nd period - Backhand shot by Daultan Leveillé.
0:28 of 2nd period - Stopped by Ben Bishop without a rebound.
0:29 of 2nd period - Ryan Nugent-Hopkins wins face-off versus Tommy Wingels in Senators zone.
0:37 of 2nd period - Icing by Zach Redmond.
0:38 of 2nd period - Ryan Nugent-Hopkins wins face-off versus Tomas Jurco in Thunder zone.
0:43 of 2nd period - Wrist shot by Joey Ryan.
0:43 of 2nd period - Shot Misses the Net.
0:45 of 2nd period - Slapshot by Thomas Spelling.
0:45 of 2nd period - Shot Misses the Net.
0:47 of 2nd period - Wrist shot by Thomas Spelling.
0:47 of 2nd period - Shot Misses the Net.
0:49 of 2nd period - Wrist shot by Dany Roussin.
0:49 of 2nd period - Shot Misses the Net.
0:51 of 2nd period - Slapshot by Thomas Spelling.
0:51 of 2nd period - Shot Misses the Net.
0:53 of 2nd period - Snap shot by Thomas Spelling.
0:53 of 2nd period - Stopped by Ben Bishop without a rebound.
0:54 of 2nd period - Stephane Da Costa wins face-off versus Daultan Leveillé in Senators zone.
1:09 of 2nd period - Snap shot by Daultan Leveillé.
1:09 of 2nd period - Shot Misses the Net.
1:21 of 2nd period - Nick Foligno is hit by Zach Redmond and loses puck.
1:42 of 2nd period - Backhand shot by Sebastian Wannstrom.
1:42 of 2nd period - Shot Misses the Net.
1:44 of 2nd period - Snap shot by Johannes Salmonsson.
1:44 of 2nd period - Deflect By Zemgus Girgensons.
1:44 of 2nd period - Stopped by Devan Dubnyk with a rebound.
1:50 of 2nd period - Snap shot by David Wolf.
1:50 of 2nd period - Stopped by Ben Bishop with a rebound.
1:57 of 2nd period - Icing by Keegan Lowe.
1:58 of 2nd period - Joe Labate wins face-off versus Zemgus Girgensons in Senators zone.
2:15 of 2nd period - Johannes Salmonsson is hit by Scott Parse and loses puck.
2:36 of 2nd period - Snap shot by Trevor Lewis.
2:36 of 2nd period - Deflect By David Wolf.
2:36 of 2nd period - Shot Misses the Net.
2:36 of 2nd period - Puck is out of play.
2:37 of 2nd period - Ryan Nugent-Hopkins wins face-off versus Stephane Da Costa in Senators zone.
2:42 of 2nd period - Wrist shot by Ryan Nugent-Hopkins.
2:42 of 2nd period - Stopped by Ben Bishop with a rebound.
2:48 of 2nd period - Dany Roussin is hit by Gabriel Bourque and loses puck.
3:03 of 2nd period - Daultan Leveillé is hit by Tomas Jurco and loses puck.
3:10 of 2nd period - Ian Cole is hit by Duncan Siemens and loses puck.
3:31 of 2nd period - Samuel Morin is hit by Mikko Vainonen.
3:52 of 2nd period - Snap shot by Ryan Nugent-Hopkins.
3:52 of 2nd period - Goal by Ryan Nugent-Hopkins - Thunder : 2 - Senators : 1.
3:53 of 2nd period - Daultan Leveillé wins face-off versus Stephane Da Costa in neutral zone.
4:23 of 2nd period - Minor Penalty to Dany Roussin for High sticking.
4:24 of 2nd period - Stephane Da Costa wins face-off versus Scott Parse in Thunder zone.
6:23 of 2nd period - Penalty to Dany Roussin is over, Dany Roussin is back on ice.
6:31 of 2nd period - Snap shot by Dany Roussin.
6:31 of 2nd period - Shot Blocked by Johannes Salmonsson.
6:45 of 2nd period - Slapshot by Joey Ryan.
6:45 of 2nd period - Shot Blocked by Arturs Kulda.
6:56 of 2nd period - Icing by David Wolf.
6:57 of 2nd period - Joe Labate wins face-off versus Andy Andreoff in Thunder zone.
7:22 of 2nd period - Wrist shot by Stephane Da Costa.
7:22 of 2nd period - Shot Blocked by Peter Andersson.
7:41 of 2nd period - Minor Penalty to Dylan Blujus for Hooking.
7:42 of 2nd period - Daultan Leveillé wins face-off versus Gabriel Bourque in Senators zone.
7:47 of 2nd period - Snap shot by Scott Parse.
7:47 of 2nd period - Shot Misses the Net.
8:05 of 2nd period - Olli Maatta is hit by Adam Clendening and loses puck.
8:51 of 2nd period - Slapshot by Arturs Kulda.
8:51 of 2nd period - Shot Blocked by Peter Andersson.
9:09 of 2nd period - Adam Clendening is hit by Nick Foligno and loses puck.
9:41 of 2nd period - Penalty to Dylan Blujus is over, Dylan Blujus is back on ice.
9:50 of 2nd period - Icing by Nick Foligno.
9:51 of 2nd period - Tommy Wingels wins face-off versus Trevor Lewis in Senators zone.
9:55 of 2nd period - Off-side.
9:56 of 2nd period - Tommy Wingels wins face-off versus Trevor Lewis in neutral zone.
9:59 of 2nd period - Snap shot by Tommy Wingels.
9:59 of 2nd period - Shot Misses the Net.
10:31 of 2nd period - Snap shot by Zemgus Girgensons.
10:31 of 2nd period - Deflect By Ryan Nugent-Hopkins.
10:31 of 2nd period - Shot Misses the Net.
10:31 of 2nd period - Puck is out of play.
10:32 of 2nd period - Matt Frattin wins face-off versus Daultan Leveillé in Thunder zone.
10:37 of 2nd period - Slapshot by Gabriel Bourque.
10:37 of 2nd period - Shot Misses the Net.
11:06 of 2nd period - Wrist shot by Stephane Da Costa.
11:06 of 2nd period - Shot Blocked by Austin Wuthrich.
11:08 of 2nd period - Slapshot by Olli Maatta.
11:08 of 2nd period - Goal by Olli Maatta - Thunder : 2 - Senators : 2.
11:09 of 2nd period - Daultan Leveillé wins face-off versus Tommy Wingels in neutral zone.
11:24 of 2nd period - Snap shot by Scott Parse.
11:24 of 2nd period - Shot Blocked by Arturs Kulda.
11:45 of 2nd period - Wrist shot by Stephane Da Costa.
11:45 of 2nd period - Stopped by Devan Dubnyk with a rebound.
11:59 of 2nd period - Olli Maatta is hit by Austin Wuthrich and loses puck.
13:21 of 2nd period - Wrist shot by Johannes Salmonsson.
13:21 of 2nd period - Shot Blocked by Thomas Spelling.
13:44 of 2nd period - Gabriel Bourque is hit by Trevor Lewis and loses puck.
14:32 of 2nd period - Chandler Stephenson is hit by David Wolf and loses puck.
14:44 of 2nd period - Icing by Austin Wuthrich.
14:45 of 2nd period - Zemgus Girgensons wins face-off versus Jared Staal in Thunder zone.
14:52 of 2nd period - Snap shot by Sebastian Wannstrom.
14:52 of 2nd period - Stopped by Devan Dubnyk with a rebound.
15:10 of 2nd period - Adam Clendening is hit by Matt Frattin.
15:18 of 2nd period - Backhand shot by Gabriel Bourque.
15:18 of 2nd period - Shot Misses the Net.
15:28 of 2nd period - Nick Foligno is hit by Austin Wuthrich and loses puck.
15:41 of 2nd period - Snap shot by David Wolf.
15:41 of 2nd period - Stopped by Ben Bishop with a rebound.
16:13 of 2nd period - Snap shot by Gabriel Bourque.
16:13 of 2nd period - Stopped by Devan Dubnyk with a rebound.
16:15 of 2nd period - Backhand shot by Gabriel Bourque.
16:15 of 2nd period - Goal by Gabriel Bourque - Thunder : 2 - Senators : 3.
16:16 of 2nd period - Stephane Da Costa wins face-off versus Ryan Nugent-Hopkins in neutral zone.
16:41 of 2nd period - Daultan Leveillé is hit by Tommy Wingels and loses puck.
17:30 of 2nd period - Wrist shot by Ryan Nugent-Hopkins.
17:30 of 2nd period - Shot Misses the Net.
17:32 of 2nd period - Wrist shot by Ryan Nugent-Hopkins.
17:32 of 2nd period - Goal by Ryan Nugent-Hopkins - Thunder : 3 - Senators : 3.
17:33 of 2nd period - Stephane Da Costa wins face-off versus Daultan Leveillé in neutral zone.
17:36 of 2nd period - Snap shot by Gabriel Bourque.
17:36 of 2nd period - Shot Misses the Net.
17:44 of 2nd period - Slapshot by Zach Redmond.
17:44 of 2nd period - Shot Blocked by Matt Frattin.
17:49 of 2nd period - Minor Penalty to Stephane Da Costa for Slashing.
17:50 of 2nd period - Gabriel Bourque wins face-off versus Daultan Leveillé in Senators zone.
18:00 of 2nd period - Snap shot by Zach Redmond.
18:00 of 2nd period - Shot Misses the Net.
18:02 of 2nd period - Slapshot by Jared Staal.
18:02 of 2nd period - Goal by Jared Staal - Thunder : 4 - Senators : 3.
18:03 of 2nd period - Daultan Leveillé wins face-off versus Matt Frattin in neutral zone.
18:06 of 2nd period - Gabriel Bourque is hit by Jared Staal and loses puck.
18:13 of 2nd period - Snap shot by Daultan Leveillé.
18:13 of 2nd period - Stopped by Ben Bishop without a rebound.
18:14 of 2nd period - Stephane Da Costa wins face-off versus Daultan Leveillé in Senators zone.
18:24 of 2nd period - Zach Redmond is hit by Gabriel Bourque and loses puck.
18:41 of 2nd period - Ian Cole is hit by Thomas Spelling and loses puck.
18:46 of 2nd period - Snap shot by Ryan Nugent-Hopkins.
18:46 of 2nd period - Shot Misses the Net.
19:05 of 2nd period - Minor Penalty to Sebastian Wannstrom for Hooking.
19:06 of 2nd period - Gabriel Bourque wins face-off versus Daultan Leveillé in Senators zone.
19:18 of 2nd period - Wrist shot by Stephane Da Costa.
19:18 of 2nd period - Shot Misses the Net.
19:22 of 2nd period - Wrist shot by Stephane Da Costa.
19:22 of 2nd period - Shot Misses the Net.
Goals for this period are 4 for Thunder vs 2 for Senators.
Shots for this period are 10 for Thunder vs 6 for Senators.

3rd period


0:01 of 3rd period - Gabriel Bourque wins face-off versus Daultan Leveillé in neutral zone.
0:04 of 3rd period - Wrist shot by Stephane Da Costa.
0:04 of 3rd period - Stopped by Devan Dubnyk with a rebound.
0:34 of 3rd period - Dany Roussin is hit by Nick Foligno and loses puck.
0:58 of 3rd period - Icing by Jared Staal.
0:59 of 3rd period - Ryan Nugent-Hopkins wins face-off versus Blake Coleman in Thunder zone.
1:05 of 3rd period - Penalty to Sebastian Wannstrom is over, Sebastian Wannstrom is back on ice.
1:08 of 3rd period - Snap shot by Ryan Nugent-Hopkins.
1:08 of 3rd period - Deflect By Dany Roussin.
1:08 of 3rd period - Shot Misses the Net.
1:08 of 3rd period - Puck is out of play.
1:09 of 3rd period - Daultan Leveillé wins face-off versus Tommy Wingels in Senators zone.
1:28 of 3rd period - Nick Foligno is hit by Zach Redmond and loses puck.
2:07 of 3rd period - Wrist shot by Dany Roussin.
2:07 of 3rd period - Shot Misses the Net.
2:09 of 3rd period - Wrist shot by Ryan Nugent-Hopkins.
2:09 of 3rd period - Stopped by Ben Bishop without a rebound.
2:10 of 3rd period - Ryan Nugent-Hopkins wins face-off versus Stephane Da Costa in Senators zone.
3:28 of 3rd period - Trevor Lewis is hit by Zemgus Girgensons and loses puck.
3:43 of 3rd period - Scott Parse is hit by Matt Frattin and loses puck.
3:54 of 3rd period - Ryan Nugent-Hopkins is hit by Nick Foligno and loses puck.
4:11 of 3rd period - Snap shot by Daultan Leveillé.
4:11 of 3rd period - Stopped by Ben Bishop with a rebound.
4:21 of 3rd period - Mason Geertsen is hit by Thomas Spelling and loses puck.
4:22 of 3rd period - Mason Geertsen from Senators is injured at 4:22 of 3rd period (Sprained Right Finger).
4:23 of 3rd period - Stephane Da Costa wins face-off versus Daultan Leveillé in Senators zone.
4:35 of 3rd period - Off-side.
4:36 of 3rd period - Daultan Leveillé wins face-off versus Stephane Da Costa in neutral zone.
4:39 of 3rd period - Slapshot by Joey Ryan.
4:39 of 3rd period - Shot Blocked by Ian Cole.
4:45 of 3rd period - Jared Staal is hit by Gabriel Bourque and loses puck.
5:25 of 3rd period - Nick Foligno is hit by Trevor Lewis and loses puck.
5:36 of 3rd period - Snap shot by David Wolf.
5:36 of 3rd period - Shot Misses the Net.
5:51 of 3rd period - Minor Penalty to Scott Parse for Holding.
5:52 of 3rd period - Stephane Da Costa wins face-off versus Zach Stepan in Thunder zone.
6:22 of 3rd period - Wrist shot by Nick Foligno.
6:22 of 3rd period - Deflect By Tommy Wingels.
6:22 of 3rd period - Stopped by Devan Dubnyk without a rebound.
6:23 of 3rd period - Ryan Nugent-Hopkins wins face-off versus Stephane Da Costa in Thunder zone.
6:23 of 3rd period - Ryan Nugent-Hopkins is hit by Olli Maatta.
6:59 of 3rd period - Snap shot by Olli Maatta.
6:59 of 3rd period - Shot Blocked by Dany Roussin.
7:01 of 3rd period - Slapshot by Samuel Morin.
7:01 of 3rd period - Stopped by Devan Dubnyk without a rebound.
7:02 of 3rd period - Tommy Wingels wins face-off versus Zach Stepan in Thunder zone.
7:20 of 3rd period - Snap shot by Arturs Kulda.
7:20 of 3rd period - Deflect By Matt Frattin.
7:20 of 3rd period - Stopped by Devan Dubnyk with a rebound.
7:35 of 3rd period - Stephane Da Costa is hit by Dany Roussin and loses puck.
7:48 of 3rd period - Slapshot by Nick Foligno.
7:48 of 3rd period - Stopped by Devan Dubnyk without a rebound.
7:49 of 3rd period - Tommy Wingels wins face-off versus Ryan Nugent-Hopkins in Thunder zone.
7:51 of 3rd period - Penalty to Scott Parse is over, Scott Parse is back on ice.
7:54 of 3rd period - Slapshot by Tommy Wingels.
7:54 of 3rd period - Stopped by Devan Dubnyk with a rebound.
8:12 of 3rd period - Snap shot by Dany Roussin.
8:12 of 3rd period - Shot Blocked by Tommy Wingels.
8:14 of 3rd period - Wrist shot by Ryan Nugent-Hopkins.
8:14 of 3rd period - Stopped by Ben Bishop without a rebound.
8:15 of 3rd period - Stephane Da Costa wins face-off versus Trevor Lewis in Senators zone.
8:15 of 3rd period - Stephane Da Costa is hit by Austin Wuthrich.
8:47 of 3rd period - Snap shot by Daultan Leveillé.
8:47 of 3rd period - Shot Misses the Net.
8:49 of 3rd period - Snap shot by Zach Redmond.
8:49 of 3rd period - Goal by Zach Redmond - Thunder : 5 - Senators : 3.
8:49 of 3rd period - Brad Thiessen enters game.
8:50 of 3rd period - Stephane Da Costa wins face-off versus Scott Parse in neutral zone.
9:02 of 3rd period - Off-side.
9:03 of 3rd period - Stephane Da Costa wins face-off versus Daultan Leveillé in neutral zone.
9:26 of 3rd period - Minor Penalty to Zach Redmond for Holding.
9:27 of 3rd period - Stephane Da Costa wins face-off versus Scott Parse in Thunder zone.
10:38 of 3rd period - Olli Maatta is hit by Gianluca Curcuruto and loses puck.
11:26 of 3rd period - Penalty to Zach Redmond is over, Zach Redmond is back on ice.
11:36 of 3rd period - Wrist shot by Trevor Lewis.
11:36 of 3rd period - Shot Misses the Net.
12:02 of 3rd period - Backhand shot by Andy Andreoff.
12:02 of 3rd period - Shot Blocked by Zach Redmond.
13:30 of 3rd period - Johannes Salmonsson is hit by Thomas Spelling and loses puck.
14:09 of 3rd period - Minor Penalty to Jamie McGinn for Roughing.
14:10 of 3rd period - Stephane Da Costa wins face-off versus Daultan Leveillé in Thunder zone.
14:23 of 3rd period - Wrist shot by Gabriel Bourque.
14:23 of 3rd period - Stopped by Devan Dubnyk with a rebound.
14:25 of 3rd period - Wrist shot by Matt Frattin.
14:25 of 3rd period - Shot Blocked by Zach Redmond.
14:40 of 3rd period - Joey Ryan is hit by Tommy Wingels and loses puck.
16:09 of 3rd period - Penalty to Jamie McGinn is over, Jamie McGinn is back on ice.
16:46 of 3rd period - Thomas Spelling is hit by Johannes Salmonsson and loses puck.
16:59 of 3rd period - Slapshot by Thomas Spelling.
16:59 of 3rd period - Shot Misses the Net.
17:09 of 3rd period - Adam Clendening is hit by Andy Andreoff.
17:13 of 3rd period - Ryan Nugent-Hopkins is hit by Andy Andreoff and loses puck.
17:20 of 3rd period - Keegan Lowe is hit by Dany Roussin and loses puck.
17:39 of 3rd period - Wrist shot by Scott Parse.
17:39 of 3rd period - Stopped by Brad Thiessen with a rebound.
17:41 of 3rd period - Snap shot by Peter Andersson.
17:41 of 3rd period - Stopped by Brad Thiessen with a rebound.
17:53 of 3rd period - Snap shot by Sebastian Wannstrom.
17:53 of 3rd period - Shot Misses the Net.
17:55 of 3rd period - Wrist shot by Sebastian Wannstrom.
17:55 of 3rd period - Goal by Sebastian Wannstrom - Thunder : 5 - Senators : 4.
17:56 of 3rd period - Joe Labate wins face-off versus Stephane Da Costa in neutral zone.
18:07 of 3rd period - Slapshot by Gabriel Bourque.
18:07 of 3rd period - Stopped by Devan Dubnyk with a rebound.
19:01 of 3rd period - Senators, Brad Thiessen is pulled from the net.
19:07 of 3rd period - Wrist shot by Gabriel Bourque.
19:07 of 3rd period - Shot Misses the Net.
19:09 of 3rd period - Snap shot by Gabriel Bourque.
19:09 of 3rd period - Stopped by Devan Dubnyk with a rebound.
19:11 of 3rd period - Wrist shot by Matt Frattin.
19:11 of 3rd period - Shot Misses the Net.
19:13 of 3rd period - Wrist shot by Dylan Blujus.
19:13 of 3rd period - Shot Misses the Net.
19:30 of 3rd period - Icing by Daultan Leveillé.
19:31 of 3rd period - Stephane Da Costa wins face-off versus Daultan Leveillé in Thunder zone.
19:44 of 3rd period - Slapshot by Scott Parse.
19:44 of 3rd period - Shot Blocked by Stephane Da Costa.
19:50 of 3rd period - Daultan Leveillé is hit by Matt Frattin and loses puck.
Goals for this period are 1 for Thunder vs 1 for Senators.
Shots for this period are 6 for Thunder vs 10 for Senators.